 Dungeon Crawl Stone Soup version 0.21-a0-426-g98080a9 (webtiles) character file.

28 Kikal the Insei (level 3, -2/26 HPs)
             Began as an Octopode Monk on Nov 6, 2017.
             Slain by a gnoll
             ... wielding a +0 whip
              (9 damage)
             ... on level 1 of the Dungeon.
             The game lasted 00:05:21 (755 turns).

Kikal the Insei (Octopode Monk)                      Turns: 755, Time: 00:05:22

Health: -2/26      AC:  1    Str: 10    XL:     3   Next: 12%
Magic:  3/3        EV: 14    Int: 16    God:
Gold:   48         SH:  0    Dex: 15    Spells: 2/2 levels left

rFire    . . .     SeeInvis .     - Unarmed
rCold    . . .     Gourm    .   (no shield)
rNeg     . . .     Faith    .   (helmet restricted)
rPois    .         Spirit   .   (no amulet)
rElec    .         Reflect  .   h - +4 ring of intelligence
rCorr    .         Harm     .   (no ring)
MR       .....                  (no ring)
Stlth    +++.......             (no ring)
HPRegen  0.08/turn              (no ring)
MPRegen  0.08/turn              (no ring)
                                (no ring)
                                (no ring)

@: no status effects
A: almost no armour, stealthy swim, amphibious, 8 rings, constrict 8, camouflage
1, gelatinous body 1
a: no special abilities


You were on level 1 of the Dungeon.
You were not hungry.

You visited 1 branch of the dungeon, and saw 2 of its levels.

You collected 48 gold pieces.

Inventory:

Missiles
 b - 6 tomahawks
 i - 37 stones (quivered)
 j - 52 arrows
Jewellery
 h - a +4 ring of intelligence (left tentacle)
Scrolls
 f - 5 scrolls of identify {unknown}
 m - a scroll of enchant armour {unknown}
Potions
 e - a potion of brilliance {unknown}
 g - a potion of haste {unknown}
 k - a potion of flight {unknown}
 l - 2 potions of curing {unknown}
Comestibles
 a - 2 bread rations
 c - 3 chunks of flesh
 d - a meat ration


   Skills:
 - Level 3.0 Fighting
 - Level 3.0 Dodging
 - Level 2.6 Stealth
 + Level 4.2 Unarmed Combat


You had 2 spell levels left.
You didn't know any spells.

Dungeon Overview and Level Annotations

Branches:
Dungeon (2/15)

Altars:


Innate Abilities, Weirdness & Mutations

You cannot wear most types of armour.
You are very stealthy in the water. (Stealth+)
You are amphibious.
You can wear up to eight rings at the same time.
You can use your tentacles to constrict eight enemies at once.
Your skin changes colour to match your surroundings (Stealth+).
Your rubbery body absorbs attacks. (AC +1, EV +1)


Message History

The gnoll misses you. The hobgoblin completely misses you.
The gnoll hits you with a whip.
You climb upwards.
There is a stone staircase leading down here.
You take 3 damage, and have 18/26 hp.
The hobgoblin hits you with a club.
You take 4 damage, and have 14/26 hp.
You tentacle-slap the gnoll but do no damage.
You grab the gnoll.
You constrict the gnoll, but do no damage.
The gnoll hits you with a whip!
* * * LOW HITPOINT WARNING * * *
You take 8 damage, and have 7/26 hp.
MASSIVE DAMAGE!!
You tentacle-slap the gnoll.
The gnoll is lightly wounded.
You constrict the gnoll. You tentacle-slap the gnoll.
The gnoll is heavily wounded.
You constrict the gnoll. The gnoll hits you with a whip!
You die...

########.# #........#
#.######## ##########.#
#........#.# #.##..##.#.#
#######.##.....#.#
#.......##..####.#############
#.########.gg@................
#.#########g#############.....
#...........# #.....
###########.### #.....
#.........###########.....
#.........'...............
#.........########........
#.........# #......##
#.........# #......#


You could see 2 gnolls and a hobgoblin.

Vanquished Creatures
  A dart slug (D:1)
  A leopard gecko (D:1)
  A ball python (D:1)
  A giant cockroach (D:1)
  A goblin (D:1)
  4 hobgoblins (D:1)
  4 jackals (D:1)
  3 bats (D:1)
  3 kobolds (D:1)
  3 rats (D:1)
22 creatures vanquished.

Notes
Turn   | Place    | Note
-------+----------+-------------------------------------------
     0 | D:1      | Kikal the Octopode Monk began the quest for the Orb.
     0 | D:1      | Reached XP level 1. HP: 16/16 MP: 1/1
    91 | D:1      | Reached XP level 2. HP: 21/21 MP: 2/2
   401 | D:1      | Reached skill level 4 in Unarmed Combat
   444 | D:1      | Reached XP level 3. HP: 21/26 MP: 3/3
   755 | D:1      | Slain by a gnoll

Vault maps used:
D:1:      dpeg_arrival_arbitrary_c
D:2:      first_bread, uniq_robin

Skill      XL: |  1  2 |
---------------+-------+-----
Unarmed Combat | 4 |  4.2
Fighting       | |  3.0
Dodging        | |  3.0
Stealth        | |  2.6

Action                   || total
-------------------------++-------
Melee: Unarmed           ||    39
       Constrict         ||    10
       Tentacles         ||     5
       Punch             ||     1
Throw: Tomahawk          ||     1
 Stab: Sleeping          ||     7
Armor: Skin              ||     1
Dodge: Dodged            ||    24

Table legend:
 A = Spawn XP
 B = Non-spawn XP
 C = Spawn XP percentage of total XP
 D = Spawn monster count
 E = Non-spawn monster count
 F = Spawn count percentage of total count
 G = Total turns spent on level
                    A         B        C        D         E        F      G
               +---------+---------+-------+---------+---------+-------+---------
         Total |       0 |      40 |   0.0 |       0 |      22 |   0.0 |   755
               +---------+---------+-------+---------+---------+-------+---------
           D:1 |       0 |      40 |   0.0 |       0 |      22 |   0.0 |   739
               +---------+---------+-------+---------+---------+-------+---------
